 Dungeon Crawl Stone Soup version 0.31.0-11-ge490571c62 (webtiles) character file.

Game seed: 18378618605002821279

11 browni3141 the Trooper (level 2, 24/24 HPs)
             Began as a Demonspawn Fighter on Jan 31, 2024.
             Got out of the dungeon alive.
             The game lasted 00:00:08 (320 turns).

browni3141 the Trooper (Demonspawn Fighter)          Turns: 320, Time: 00:00:09

Health: 24/24      AC:  6    Str: 16    XL:     2   Next: 13%
Magic:  2/2        EV:  8    Int:  8    God:
Gold:   10         SH:  4    Dex: 12    Spells: 1/1 levels left

rFire   . . .        a - +0 flail
rCold   . . .        c - +0 buckler
rNeg    . . .        b - +0 scale mail
rPois   .            (no helmet)
rElec   .            (no cloak)
rCorr   .            (no gloves)
SInv    .            (no boots)
Will    .....        (no amulet) Stlth
                     (no ring)
HPRegen 0.24/turn    (no ring)
MPRegen 0.08/turn

%: no passive effects
@: no status effects
A: ignite blood 1
a: no special abilities


You escaped.
You visited 1 branch of the dungeon, and saw 1 of its levels.

You collected 10 gold pieces.

Inventory:

Hand Weapons
 a - a +0 flail (weapon)
Armour
 b - a +0 scale mail (worn)
 c - a +0 buckler (worn)
Jewellery
 g - a ring of willpower
Scrolls
 f - 2 scrolls of identify {unknown}
Potions
 d - a potion of might
 e - a potion of mutation {unknown}
 h - a potion of curing {unknown}


   Skills:
 + Level 3.1 Fighting
 + Level 2.0 Maces & Flails
 + Level 2.8 Armour
 + Level 2.9 Shields


You had one spell level left.
You didn't know any spells.
Your spell library was empty.

Dungeon Overview and Level Annotations

Branches:
Dungeon (1/15)

Altars:


Innate Abilities, Weirdness & Mutations

Your demonic aura sometimes causes spilled blood to erupt in flames.


Message History

No target in view!
A goblin comes into view. It is wielding a +0 dagger.
There are monsters nearby!
The goblin shouts!
The ball python barely misses you. You block the ball python's attack.
There are monsters nearby!
You closely miss the ball python. The ball python bites you.
The ball python grabs you. The ball python constricts you.
The ball python bites you. The ball python constricts you.
There are monsters nearby!
You barely miss the ball python.
A kobold comes into view. It is wielding a +0 club.
A ball python comes into view.
The ball python bites you. The ball python constricts you.
There are monsters nearby!
The ball python hisses angrily.
The kobold shouts!
You hit the ball python.
You kill the ball python!
You hear a shout!
There are monsters nearby!
You closely miss the goblin. The goblin barely misses you.
You closely miss the goblin. The goblin barely misses you. x2
There are monsters nearby!
You barely miss the goblin. The goblin barely misses you.
There are monsters nearby!
You miss the goblin. The goblin hits you but does no damage.
You barely miss the goblin. The goblin hits you but does no damage.
The goblin barely misses you.
There are monsters nearby!
You hit the goblin.
The goblin is moderately wounded.
The goblin hits you with a +0 dagger.
You barely miss the goblin.
The goblin is moderately wounded.
The goblin hits you but does no damage.
There are monsters nearby!
You miss the goblin.
The goblin is moderately wounded.
The goblin barely misses you. The goblin hits you with a +0 dagger.
You hit the goblin.
You kill the goblin!
The ball python bites you but does no damage.
The ball python barely misses you.
There are monsters nearby!
You closely miss the ball python.
The ball python bites you but does no damage.
The ball python grabs you. The ball python constricts you.
The ball python bites you but does no damage.
The ball python constricts you.
You barely miss the ball python. The ball python barely misses you.
The ball python constricts you.
There are monsters nearby!
You barely miss the ball python.
The ball python bites you but does no damage.
The ball python constricts you.
A hobgoblin comes into view.
You block the ball python's attack. The ball python constricts you.
You hit the ball python.
You kill the ball python!
The kobold hits you but does no damage.
Your Maces & Flails skill increases to level 2!
You have reached level 2!
Your demonic ancestry asserts itself...
Your blood heats up.
You barely miss the kobold. The kobold closely misses you.
You closely miss the kobold. The kobold closely misses you.
You hit the kobold but do no damage. The kobold hits you but does no damage.
The kobold barely misses you.
You barely miss the kobold. The kobold closely misses you.
You hit the kobold but do no damage. You block the kobold's attack.
You closely miss the kobold. The kobold hits you with a +0 club.
The kobold closely misses you.
You hit the kobold but do no damage. The kobold hits you but does no damage.
You barely miss the kobold. The kobold hits you but does no damage.
You block the kobold's attack.
You barely miss the kobold. The kobold hits you but does no damage.
You sock the kobold!
You kill the kobold!
You closely miss the hobgoblin. The hobgoblin closely misses you.
The hobgoblin barely misses you.
You hit the hobgoblin.
The hobgoblin is heavily wounded.
The hobgoblin hits you.
You barely miss the hobgoblin.
The hobgoblin is heavily wounded.
The hobgoblin hits you but does no damage.
You barely miss the hobgoblin.
The hobgoblin is heavily wounded.
The hobgoblin hits you. The hobgoblin barely misses you.
You hit the hobgoblin.
The hobgoblin is almost dead.
The hobgoblin is engulfed in blazing flames.
You kill the hobgoblin!
No target in view!
Items here: )) †††.
No target in view!
Items here: )) †††.
There is an open door here.
There is a staircase leading out of the dungeon here.
You have escaped!

. #.##..###### #.# #. .
..........###.# #.
#..##.......# ####### #.
#####.....###8'8###.....# #.
#........##≈~~.~≈≈##..#.# #.
.####..##≈~≈.P.~≈~##.#.######.
#.##≈~P..8..P~≈##.........
#.#~≈~.......~~≈#.......##
#.#~P.8..@..8.P≈#######.#
##.####.#≈~~.......~~~# #.#
........##≈≈P..8..P~≈### #.#
##.#####.##≈~~.P.~~~##.# #.#
#..##≈≈~.~~≈##..# #.#
#...###8+8###...# #.# #..##
##...#.##.# #.##
##(#####..##....# #...
#...........#### ###.


There were no monsters in sight!

Vanquished Creatures
  2 goblins (D:1)
  A hobgoblin (D:1)
  A quokka (D:1)
  4 ball pythons (D:1)
  A frilled lizard (D:1)
  A kobold (D:1)
10 creatures vanquished.

Notes
Turn   | Place    | Note
-------+----------+-------------------------------------------
     0 | D:1      | browni3141 the Demonspawn Fighter began the quest for the
                  | Orb.
     0 | D:1      | Reached XP level 1. HP: 18/18 MP: 1/1
   154 | D:1      | Found a faded altar of an unknown god.
   155 | D:1      | Noticed a shining eye
   157 | D:1      | Noticed a great orb of eyes
   162 | D:1      | Noticed a glass eye
   269 | D:1      | Gained mutation: Your demonic aura sometimes causes spilled
                  | blood to erupt in flames. [demonic ancestry]
   269 | D:1      | Reached XP level 2. HP: 18/24 MP: 2/2
   320 | D:$      | Got out of the dungeon alive.

Illustrated notes

Levels and vault maps discovered:
D:1:      lightli_arrival_statuegarden, layout_loops_ring,
          hellmonk_ecumenical_altar_watching_god

Skill      XL: |  1 |
---------------+----+-----
Maces & Flails | 2 |  2.0
Fighting       | |  3.1
Armour         | |  2.8
Shields        | |  2.9

Action                     || total
---------------------------++-------
  Melee: Flail             ||    38
 Armour: Scale mail        ||    23
  Dodge: Dodged            ||    21
  Block: Buckler           ||     8
